Map: Eternal Empire LE

Players

Cyanine - Winner!

  • Race: Terran Terran
  • League: Grandmaster
  • Spawn Location: 7:00

A.I. 1 (Very Easy)

  • Race: Protoss Protoss
  • Spawn Location: 1:00

VOD

Have the link to the VOD?

Description

Time

  • Played on: Dec. 14, 2019, 4:21 p.m.
  • Length: 7:15
Show
View Real Time Build Order
Export as new Build Order

Cyanine Terran - Winner!

Build Orders: Reaper Expand 

Get SALT Encoding   

  12  0:00  SCV  
  13  0:13  SCV  
  14  0:17  Supply Depot  
  14  0:25  SCV  
  15  0:39  SCV  
  15  0:41  Barracks  
  16  0:44  Refinery  
  16  0:51  SCV  
  17  1:03  SCV  
  18  1:15  SCV  
  19  1:28  Orbital Command  
  19  1:29  Reaper  
  20  1:41  Command Center  
  20  1:51  Supply Depot  
  20  1:55  SCV  
  21  2:01  Barracks Reactor  
  21  2:07  SCV  
  22  2:10  Barracks  
  22  2:19  SCV  
  23  2:31  SCV  
  23  2:32  Barracks  
  24  2:38  Marine x2  
  24  2:43  SCV  
  27  2:45  Barracks  
  27  2:53  Orbital Command  
  27  2:55  SCV  
  27  2:57  Barracks  
  28  2:59  Barracks Tech Lab  
  28  3:03  Marine  
  28  3:05  Marine  
  30  3:08  SCV  
  31  3:17  Stimpack  
  31  3:18  SCV  
  32  3:20  SCV, Barracks Tech Lab  
  33  3:27  Marine x2  
  33  3:28  Marauder  
  33  3:31  SCV  
  33  3:33  SCV  
  39  3:34  Marine  
  39  3:37  Supply Depot  
  40  3:42  Marauder  
  40  3:43  Marine  
  40  3:47  SCV x2  
  45  3:56  Supply Depot  
  45  3:59  Marauder, Marine x2  
  45  4:01  Supply Depot, Marine  
  45  4:02  Marine  
  51  4:05  Marauder  
  53  4:16  Marine  
  54  4:17  Marine  
  54  4:19  Marine x2  
  54  4:20  Marauder  
  59  4:26  Supply Depot  
  59  4:27  Marauder  
  61  4:34  Marine  
  61  4:35  Marine, SCV x2  
  65  4:39  Factory  
  65  4:40  Marine  
  65  4:41  Marine  
  65  4:42  Marauder  
  65  4:45  Refinery  
  69  4:47  Refinery, SCV  
  69  4:48  SCV  
  69  4:49  Supply Depot  
  69  4:52  Marauder  
  73  4:54  Marine  
  73  4:55  Marine  
  75  5:03  SCV x2  
  77  5:07  Marine  
  77  5:08  Marine  
  77  5:11  Marauder  
  77  5:14  Marauder, Supply Depot x2  
  81  5:18  SCV x2  
  83  5:27  Marine  
  84  5:32  Marauder, Starport  
  84  5:34  Factory Reactor  
  86  5:36  Marauder, Refinery  
  86  5:40  SCV x2  
  89  5:43  Supply Depot  
  89  5:44  Marine  
  89  5:46  Marine  
  89  5:49  Barracks Tech Lab  
  91  5:51  Barracks Reactor  
  91  5:54  Marauder  
  91  5:56  SCV  
  94  5:58  Marauder, SCV  
  97  6:12  SCV x2  
  99  6:24  SCV x2  
  99  6:25  Command Center  
  101  6:30  Marine x4, Supply Depot  
  101  6:32  Medivac x2  
  109  6:41  Engineering Bay x2  
Show
View Real Time Build Order
Export as new Build Order

A.I. 1 (Very Easy) Protoss 

Build Orders: 1 Gate Expand, Nexus First 

Get SALT Encoding   

  12  0:00  Probe  
  13  0:13  Probe  
  14  0:19  Pylon  
  14  0:43  Gateway  
  14  1:02  Nexus  
  14  1:19  Pylon  
  14  1:21  Zealot  
  14  1:23  Assimilator  
  16  1:36  Cybernetics Core  
  16  1:38  Probe  
  17  1:50  Probe  
  18  2:00  Assimilator, Probe  
  19  2:08  Probe  
  19  2:14  Probe  
  19  2:15  Stalker  
  22  2:16  Warp Gate  
  23  2:23  Probe  
  23  2:27  Probe  
  25  2:38  Probe  
  26  2:52  Probe  
  26  2:54  Assimilator  
  26  2:57  Pylon  
  27  2:59  Probe  
  28  3:07  Probe  
  28  3:10  Probe  
  29  3:12  Robotics Facility  
  30  3:26  Probe  
  31  3:31  Zealot  
  31  3:33  Probe  
  34  3:40  Probe  
  35  3:47  Probe  
  36  3:54  Probe  
  37  4:00  Observer  
  37  4:01  Probe  
  39  4:06  Probe  
  40  4:13  Probe  
  40  4:15  Assimilator  
  41  4:19  Probe  
  41  4:21  Observer  
  43  4:26  Probe  
  44  4:37  Probe  
  45  4:41  Pylon  
  45  4:44  Probe  
  46  4:47  Stalker  
  46  4:52  Probe  
  49  4:59  Probe  
  50  5:12  Probe  
  42  5:19  Probe  
  42  5:20  Pylon  
  43  5:25  Pylon, Probe  
  36  5:32  Probe  
  11  5:43  Probe  
  7  5:51  Probe  
  5  6:03  Probe  
  5  6:15  Probe  
  6  6:26  Nexus  
  6  6:27  Probe  
  6  6:39  Probe  
Tags
 
Add a new tag
Caveats
  • Supply blocks, unpowered buildings, or Contaminate may cause inaccurate times.
  • Supply counts are checked every 10 seconds.